 Dungeon Crawl Stone Soup version 0.28-a0-1356-g2ad6d04315 (webtiles) character file.

Game seed: 11191765718485702717

6788 tilp the Basher (level 10, -2/83 HPs)
             Began as a Yellow Draconian Cinder Acolyte on Dec 30, 2021.
             Was a High Priest of Ignis.
             Killed by divine providence
             ... invoked by a meliai
              (12 damage)
             ... on level 9 of the Dungeon.
             The game lasted 00:14:59 (10068 turns).

tilp the Basher (Yellow Draconian Cinder Acolyte)  Turns: 10068, Time: 00:15:00

Health: -2/83      AC: 15    Str: 17    XL:     10   Next: 76%
Magic:  12/14      EV: 12    Int: 19    God:    Ignis [*****.]
Gold:   286        SH:  4    Dex:  6    Spells: 8/15 levels left

rFire   + . .      SeeInvis .   a - +2 whip (spect)
rCold   . . .      Faith    .   w - +0 buckler
rNeg    . . .      Spirit   .   (armour unavailable)
rPois   .          Reflect  .   (helmet restricted)
rElec   .          Harm     .   m - +1 cloak
rCorr   +          Rampage  .   f - +0 pair of gloves
Will    .....                   B - +0 pair of boots
Stlth   ++........              (no amulet)
HPRegen 0.23/turn               d - +4 ring of protection
MPRegen 0.14/turn               (no ring)

@: lethally poisoned (-2 -> -5)
A: spit acid, AC +7, unfitting armour, cold-blooded, acid resistance
a: Breathe Acid, Renounce Religion, Fiery Armour, Foxfire Swarm, Rising Flame


You were on level 9 of the Dungeon.
You worshipped Ignis.
Ignis was extremely pleased with you.
You visited 1 branch of the dungeon, and saw 9 of its levels.

You collected 455 gold pieces.
You spent 169 gold pieces at shops.

Inventory:

Hand Weapons
 a - a +2 spectral whip (weapon)
 b - the +7 trident of Res Nullius {flame, rPois rN+ Will- SInv}
   (You found it on level 3 of the Dungeon)

   It burns those it strikes, dealing additional fire damage.
   rPois:     It protects you from poison.
   rN:        It protects you from negative energy.
   SInv:      It lets you see invisible.
   Will:      It decreases your willpower.
 j - a +2 mace of holy wrath
 F - a +2 whip of freezing
 H - a +0 dire flail
 J - a +4 battleaxe of freezing
Missiles
 g - 2 curare-tipped darts
 s - 31 poisoned darts (quivered)
 C - 2 throwing nets
 D - 2 boomerangs
Armour
 f - a +0 pair of gloves (worn)
 m - a +1 cloak (worn)
 n - a scarf of resistance
 w - a +0 buckler (worn)
 B - a +0 pair of boots (worn)
Jewellery
 d - a +4 ring of protection (left hand)
 E - a ring of fire
 K - a ring of protection from cold
Wands
 r - a wand of acid (10)
 z - a wand of mindburst (12)
Scrolls
 l - 2 scrolls of teleportation
 p - 2 scrolls of brand weapon
 v - a scroll of blinking
 y - 2 scrolls of amnesia
 G - a scroll of fear
 I - a scroll of immolation
Potions
 c - 2 potions of haste
 e - 3 potions of curing
 h - a potion of ambrosia
 i - a potion of brilliance {unknown}
 k - a potion of attraction {unknown}
 o - a potion of lignification {unknown}
 q - 3 potions of magic
 t - a potion of cancellation {unknown}
 u - a potion of degeneration {unknown}
 x - a potion of heal wounds {unknown}
 A - 2 potions of might


   Skills:
 - Level 6.0 Fighting
 + Level 11.5 Maces & Flails
 - Level 4.0 Dodging
 - Level 4.0 Stealth
 - Level 4.0 Shields
 - Level 3.0 Spellcasting
 - Level 4.0 Translocations
 - Level 6.0 Fire Magic
 - Level 4.0 Evocations


You had 8 spell levels left.
You knew the following spells:

 Your Spells              Type           Power      Damage    Failure   Level
a - Scorch                Fire           50%        2d8       1%          2
b - Blink                 Tloc           36%        N/A       4%          2
c - Ozocubu's Armour      Ice            2%         N/A       41%         3

Your spell library contained the following spells:

 Spells                   Type           Power      Damage    Failure   Level
 Lesser Beckoning         Tloc           18%        N/A       9%          3
 Animate Skeleton         Necr           4%         N/A       16%         1
 Pain                     Necr           8%         1d4       16%         1
 Passwall                 Tmut/Erth      1%         N/A       22%         2
 Static Discharge         Conj/Air       2%         N/A       22%         2
 Summon Guardian Golem    Hex/Summ       2%         N/A       41%         3
 Swiftness                Air            2%         N/A       41%         3
 Vampiric Draining        Necr           2%         2d6       41%         3
 Manifold Assault         Tloc           18%        N/A       63%         5
 Lightning Bolt           Conj/Air       1%         1d12      99%         5
 Orb of Destruction       Conj           1%         N/A       100%        7
 Ozocubu's Refrigeration  Ice            1%         4d5       100%        7
 Spellforged Servitor     Conj/Summ      1%         N/A       100%        7
 Maxwell's Capacitive Co  Air            1%         ∞         100%        8


Dungeon Overview and Level Annotations

Branches:
Dungeon (9/15)             Temple (0/1) D:6            Lair (0/6) D:9
    Orc: D:9-12

Altars:
Fedhas
Hepliaklqana
Makhleb
Sif Muna
Trog
Xom
Yredelemnul

Shops:
D:2 *   D:6 (

Annotations:
D:2 Terence
D:3 moth of wrath cage


Innate Abilities, Weirdness & Mutations

You can spit globs of acid.
Your golden yellow scales are hard. (AC +7)
You cannot fit into any form of body armour.
You are cold-blooded and may be slowed by cold attacks.
You are resistant to acid. (rCorr)


Message History

Reactivating autopickup.
You feel a bit more experienced.
You feel sick.
You feel very sick.
Things that are here:
a +0 dagger; a +0 robe; an orc corpse A meliai comes into view.
It is wielding a +0 war axe.
You have got your breath back.
You feel sick.
The meliai buzzes angrily.
The meliai mumbles some strange prayers to its god against you.
Something smites you!
* * * LOW HITPOINT WARNING * * *
A meliai comes into view. It is wielding a +0 war axe.
Things that are here:
a +0 flail; an orc corpse You feel sick.
Aiming: Corrosive Bolt
Press: ? - help, Shift-Dir - straight line, f - meliai
Aim: a meliai, wielding a +0 war axe and wearing a +0 leather armour (60% to hit)
The bolt of acid hits the meliai!
The acid corrodes the meliai!
The meliai is heavily wounded.
You feel sick. The meliai hits you with a +0 war axe!
* * * LOW HITPOINT WARNING * * *
The meliai stings you but does no damage.
The meliai barely misses you. x2
Unknown command.
Casting: Scorch (safe; 1% risk of failure)
Confirm with . or Enter, or press ? or * to list all spells.
Flames lash the meliai.
The meliai is almost dead.
The meliai's fire resistance burns away.
You feel sick.
You hear an angry buzzing noise.
The meliai hits you with a +0 war axe.
* * * LOW HITPOINT WARNING * * *
The meliai stings you.
* * * LOW HITPOINT WARNING * * *
The meliai mumbles some strange prayers to its god against you.
Something smites you!
You die...

.........##.....#.))..
............##.)##....
....###..#..#..)####..
.....(................
#######.......#.####..
#########.......... .#
.......).)......... ..
###...))...#.#..... .#
#....@y#..........
#...####y..#.###.#..
.... ...#.# ... .##..#
.# .. .## .# # y#


You could see 2 meliai.

Vanquished Creatures
  Harold (D:6)
  A two-headed ogre (D:8)
  Pikel (D:7)
  A kobold demonologist (D:5)
  A troll (D:7)
  Prince Ribbit (D:7)
  3 vampire mosquitoes (D:8)
  3 wargs (D:9)
  2 water moccasins
  A sky beast (D:8)
  2 orc warriors
  An ice beast (D:4)
  3 necrophages
  A black bear (D:4)
  A centaur (D:8)
  An ogre (D:6)
  3 lemures
  A phantom (D:6)
  3 kobold brigands
  4 bullfrogs
  6 scorpions
  2 wyvern skeletons
  5 killer bees (D:8)
  8 wights
  A crimson imp (D:3)
  5 hounds
  2 bullfrog skeletons
  5 orc priests
  2 jellies
  A scorpion zombie (D:5)
  4 iguanas
  8 orc wizards
  A howler monkey zombie (D:8)
  7 gnolls
  8 adders
  2 white imps (D:6)
  2 ufetubi
  3 worms
  A dart slug (D:3)
  23 orcs
  11 endoplasms
  2 giant cockroaches
  8 goblins
  11 hobgoblins
  3 quokkas
  3 ball pythons (D:1)
  3 bats
  3 frilled lizards
  21 kobolds
  4 rats
200 creatures vanquished.

Notes
Turn   | Place    | Note
-------+----------+-------------------------------------------
     0 | D:1      | tilp the Draconian Cinder Acolyte began the quest for the
                  | Orb.
     0 | D:1      | Reached XP level 1. HP: 19/19 MP: 2/2
   247 | D:1      | Reached XP level 2. HP: 14/26 MP: 3/3
   250 | D:1      | Learned a level 2 spell: Scorch
   628 | D:1      | Found a faded altar of an unknown god.
  1154 | D:2      | Reached skill level 4 in Maces & Flails
  1263 | D:2      | Noticed Terence
  1370 | D:2      | Reached XP level 3. HP: 20/31 MP: 1/4
  1950 | D:2      | Found Qoitwoen's Assorted Antiques.
  2110 | D:2      | Bought a scroll labelled BAFIAR FAUR for 26 gold pieces
  2110 | D:2      | Bought a scroll labelled JYUTULI VICH for 26 gold pieces
  2593 | D:3      | Identified the +7 trident of Res Nullius {flame, rPois rN+
                  | Will- SInv}
  2741 | D:3      | Reached skill level 5 in Maces & Flails
  2741 | D:3      | Reached XP level 4. HP: 38/38 MP: 0/5
  2744 | D:3      | Learned a level 2 spell: Blink
  3072 | D:3      | Found a burning altar of Makhleb.
  3072 | D:3      | Found a shimmering altar of Xom.
  3396 | D:3      | Noticed a moth of wrath
  3398 | D:3      | Found a bloodstained altar of Trog.
  3880 | D:3      | Found a blossoming altar of Fedhas.
  3959 | D:4      | Noticed a bullfrog
  3964 | D:4      | Killed a bullfrog
  3965 | D:4      | Reached skill level 6 in Maces & Flails
  3965 | D:4      | Reached XP level 5. HP: 42/45 MP: 1/6
  4075 | D:4      | Noticed an orc warrior
  4083 | D:4      | Killed an orc warrior
  4084 | D:4      | Reached skill level 1 in Dodging
  4084 | D:4      | Reached skill level 1 in Stealth
  4084 | D:4      | Reached XP level 6. HP: 52/52 MP: 2/7
  4155 | D:4      | Noticed an ice beast
  4179 | D:4      | Killed an ice beast
  4366 | D:4      | Your scales start taking on a golden yellow colour.
  4366 | D:4      | Reached XP level 7. HP: 59/59 MP: 1/8
  4366 | D:4      | Gained mutation: You are resistant to acid. (rCorr) [Yellow
                  | Draconian growth]
  4383 | D:4      | Reached skill level 7 in Maces & Flails
  5069 | D:4      | Reached skill level 8 in Maces & Flails
  5297 | D:2      | Bought a cloak for 117 gold pieces
  5400 | D:5      | Entered Level 5 of the Dungeon
  5403 | D:5      | Reached skill level 1 in Translocations
  5454 | D:5      | Reached XP level 8. HP: 63/66 MP: 11/11
  6177 | D:6      | Noticed a kobold demonologist
  6444 | D:6      | Reached skill level 5 in Fire Magic
  6762 | D:5      | Killed a kobold demonologist
  6763 | D:5      | Reached skill level 1 in Evocations
  6763 | D:5      | Reached XP level 9. HP: 59/72 MP: 2/13
  7326 | D:6      | Found a shimmering blue altar of Sif Muna.
  7326 | D:6      | Found a hazy altar of Hepliaklqana.
  7355 | D:6      | Found a staircase to the Ecumenical Temple.
  7502 | D:6      | Found Gibynaf's Weapon Shoppe.
  7927 | D:7      | Noticed Prince Ribbit
  7936 | D:7      | Noticed Harold
  7941 | D:7      | Killed Prince Ribbit
  7942 | D:7      | Reached skill level 5 in Fighting
  7942 | D:7      | Reached skill level 1 in Shields
  7969 | D:6      | Killed Harold
  8384 | D:7      | Noticed Pikel
  8384 | D:7      | Noticed a troll
  8500 | D:7      | Killed a troll
  8679 | D:7      | Found a basalt altar of Yredelemnul.
  8859 | D:7      | Killed Pikel
  8860 | D:7      | Reached XP level 10. HP: 83/83 MP: 14/14
  8866 | D:7      | Learned a level 3 spell: Ozocubu's Armour
  8918 | D:8      | Noticed a two-headed ogre
  8926 | D:8      | Killed a two-headed ogre
  8927 | D:8      | Reached skill level 9 in Maces & Flails
  8967 | D:8      | Reached skill level 10 in Maces & Flails
  9776 | D:9      | Found a staircase to the Lair.
  9795 | D:9      | Reached skill level 11 in Maces & Flails
 10068 | D:9      | Killed from afar by a meliai

Illustrated notes

Levels and vault maps discovered:
D:1:      psy_arrival_spokes, layout_loops_cross, ebering_ecumenical_altar_hall,
          hangedman_decor_push, chequers_serial_rivers_micro_e,
          serial_bayou_crossing
D:2:      minmay_spotlight, layout_rooms, serial_shops,
          nicolae_shop_window_shopping, uniq_terence
D:3:      layout_basic, grunt_temple_overflow_champion_of_chaos, tgw_trog,
          lemuel_coloured_pillars_altar, grunt_decor_junction
D:4:      cheibrodos_thug_alley, layout_basic
D:5:      layout_rooms
D:6:      layout_layer_cave, gammafunk_temple_overflow_elements, temple_green,
          kennysheep_small_circle
D:7:      layout_cave_pools, marbit_many_paths, minivault_27, uniq_pikel,
          uniq_prince_ribbit1, uniq_harold
D:8:      layout_basic
D:9:      wander_river, layout_rooms, erik_lair_orcish_takeover,
          pf_guarded_unrand_meek

Skill      XL: |  1  2  3  4  5  6  7  8  9 10 |
---------------+-------------------------------+-----
Maces & Flails | 4 5 6 8 11 | 11.5
Dodging        | 1 2 4 |  4.0
Stealth        | 1 2 4 |  4.0
Fighting       | 4 6 |  6.0
Translocations | 2 4 |  4.0
Spellcasting   | 2 3 |  3.0
Fire Magic     | 6 |  6.0
Evocations     | 1 4 |  4.0
Shields        | 4 |  4.0

Action                   |  1- 3 |  4- 6 |  7- 9 | 10-12 || total
-------------------------+-------+-------+-------+-------++-------
Melee: Mace              |    44 |       |       |       ||    44
       Tailslap          |     4 |     9 |    21 |    10 ||    44
       Whip              |    32 |    64 |   230 |   143 ||   469
Throw: Stone             |     1 |       |       |       ||     1
 Cast: Scorch            |    23 |    23 |    41 |    11 ||    98
 Abil: Breathe Acid      |       |       |     5 |     5 ||    10
Evoke: Wand              |       |       |     1 |     1 ||     2
  Use: Scroll            |     6 |     4 |     5 |     1 ||    16
       Potion            |       |       |     2 |       ||     2
 Stab: Sleeping          |       |       |     3 |       ||     3
       Distracted        |       |       |     4 |     3 ||     7
Armor: Skin              |    32 |    23 |    94 |    40 ||   189
Dodge: Dodged            |    51 |    22 |   111 |    51 ||   235
Block: Buckler           |       |       |       |    10 ||    10

Table legend: (Time is in decaauts)
 A = Elapsed time spent in this place.
 B = Non-inter-level travel time spent in this place.
 C = Inter-level travel time spent in this place.
 D = Time resting spent in this place.
 E = Time spent auto-exploring this place.
 F = Levels seen in this place.
 G = Mean time per level.
                   A        B        C        D        E       F      G
               +--------+--------+--------+--------+--------+-----+--------+
         Total |   9947 |   9405 |    542 |   1460 |   6434 |   9 | 1105.2 |
       Dungeon |   9947 |   9405 |    542 |   1460 |   6434 |   9 | 1105.2 |
               +--------+--------+--------+--------+--------+-----+--------+

Top non-repeatable levels by time:
     D:6: 1975 daAuts
     D:3: 1699 daAuts
     D:4: 1290 daAuts
     D:1: 1232 daAuts
     D:2: 1183 daAuts
     D:8: 861 daAuts
     D:5: 783 daAuts
     D:7: 649 daAuts
     D:9: 270 daAuts
